 Dungeon Crawl Stone Soup version 0.31-a0-369-g8eba5f6939 (webtiles) character file.

Game seed: 5247760357007134590

93 Gelion the Changeling (level 4, 0/43 HPs)
             Began as an Octopode Shapeshifter on July 28, 2023.
             Slain by a yak (2 damage)
             ... on level 4 of the Dungeon.
             The game lasted 00:05:18 (2517 turns).

Gelion the Changeling (Octopode Shapeshifter)       Turns: 2517, Time: 00:05:18

Health: 0/43       AC: 22    Str: 14    XL:     4   Next: 62%
Magic:  4/4        EV:  2    Int: 10    God:
Gold:   180        SH:  0    Dex: 14    Spells: 3/3 levels left

rFire   . . .        n - +4 dagger
rCold   . . .        (no shield)
rNeg    . . .        (helmet currently unavailable)
rPois   +            (no amulet)
rElec   .            p - ring of resist corrosion
rCorr   +            q - ring of wizardry
SInv    .            (no ring)
Will    .....        (no ring)
Stlth   +            (no ring)
HPRegen 0.27/turn    (no ring)
MPRegen 0.09/turn    (no ring)
                     (no ring)

%: wizardry (x1)
@: tree-form
A: stationary, stasis, torment immunity, boosted hp, almost no armour,
(amphibious), 8 rings, (camouflage 1), (gelatinous body 1), (nimble swimmer 1),
(tentacles)
a: no special abilities


You were on level 4 of the Dungeon.
You were a tree.
You visited 1 branch of the dungeon, and saw 4 of its levels.

You collected 180 gold pieces.

Inventory:

Hand Weapons
 k - a +0 dagger of venom
 n - a +4 dagger (weapon)
Missiles
 d - 3 curare-tipped darts
Armour
 o - a +1 kite shield
Jewellery
 p - a ring of resist corrosion (left branch)
 q - a ring of wizardry (right branch)
Talismans
 b - a beast talisman
Scrolls
 r - a scroll of teleportation
Potions
 a - a potion of lignification
 c - 3 potions of curing
 e - a potion of berserk rage {unknown}
 g - a potion of enlightenment {unknown}
 h - a potion of haste {unknown}
 i - 2 potions of brilliance
 j - 2 potions of degeneration {unknown}
 l - 2 potions of invisibility {unknown}


   Skills:
 + Level 2.1 Fighting
 - Level 2.0 Dodging
 + Level 3.6 Unarmed Combat
 * Level 3.9 Shapeshifting


You had 3 spell levels left.
You didn't know any spells.
Your spell library was empty.

Dungeon Overview and Level Annotations

Branches:
Dungeon (4/15)
 Temple: D:4-7

Altars:


Innate Abilities, Weirdness & Mutations

You are a tree.
Your roots penetrate the ground, keeping you stationary.
You cannot be teleported.
You are immune to unholy pain and torment.
Your maximum health is greatly increased.
You cannot wear most types of armour.
((You are amphibious.))
You can wear up to eight rings at the same time.
((Your skin changes colour to match your surroundings (Stealth+).))
((Your rubbery body absorbs attacks. (AC +1, EV +1)))
((You are camouflaged when in or above water. (Stealth+)))
((You have tentacles for arms and can constrict up to eight enemies at once.))


Message History

The yak gores you but does no damage.
You closely miss the yak.
The yak is heavily wounded.
The yak gores you but does no damage.
You hit the yak.
The yak is severely wounded.
The yak gores you but does no damage.
Unknown command.
You hit the yak but do no damage.
The yak is severely wounded.
The yak gores you.
You completely miss the yak.
The yak is severely wounded.
The yak gores you but does no damage.
You hit the yak.
The yak is severely wounded.
The yak gores you but does no damage.
You hit the yak but do no damage.
The yak is severely wounded.
The yak gores you but does no damage.
You hit the yak.
The yak is almost dead.
The yak gores you.
You closely miss the yak.
The yak is almost dead.
The yak gores you but does no damage.
You barely miss the yak.
The yak is almost dead.
The yak gores you.
You hit the yak.
The yak is almost dead.
The yak gores you!
* * * LOW HITPOINT WARNING * * *
You hit the yak but do no damage.
The yak is almost dead.
The yak gores you but does no damage.
You hit the yak. Your punch misses the yak.
The yak is almost dead.
The yak gores you.
You die...

# # # . #
.# # .. #
#. #
...#..#####
#
......Y♣..#
#
.#.######.#
# #.# # #.#
# #.######
# #......#
# ######.#
# #.# #####
#.# #....


You could see a yak.

Vanquished Creatures
  2 adders
  An ufetubus (D:4)
  6 ball pythons
  10 endoplasms
  2 giant cockroaches (D:1)
  8 goblins
  10 hobgoblins
  4 kobolds
  2 quokkas
  9 bats
  2 frilled lizards
  6 rats
62 creatures vanquished.

Notes
Turn   | Place    | Note
-------+----------+-------------------------------------------
     0 | D:1      | Gelion the Octopode Shapeshifter began the quest for the
                  | Orb.
     0 | D:1      | Reached XP level 1. HP: 13/13 MP: 1/1
   167 | D:1      | Reached XP level 2. HP: 18/18 MP: 2/2
   416 | D:1      | Reached XP level 3. HP: 20/23 MP: 3/3
  1376 | D:2      | Reached XP level 4. HP: 29/29 MP: 4/4
  2488 | D:4      | Noticed a yak
  2515 | D:4      | HP: 2/43 [yak (12)]
  2517 | D:4      | Slain by a yak

Illustrated notes

Levels and vault maps discovered:
D:1:      minmay_arrival_up_and_down, layout_basic, minmay_small_reverse_x
D:2:      layout_loops_corners, kennysheep_nub
D:3:      layout_basic, kennysheep_generic_room_14
D:4:      layout_basic, minmay_vboxes, uniq_menkaure

Skill      XL: |  1  2  3  4 |
---------------+-------------+-----
Fighting       | 2 |  2.1
Dodging        | |  2.0
Unarmed Combat | |  3.6
Shapeshifting  | |  3.9

Action                     |  1- 3 |  4- 6 || total
---------------------------+-------+-------++-------
  Melee: Unarmed           |    14 |       ||    14
         Constrict         |    19 |     4 ||    23
         Tentacles         |    13 |     2 ||    15
         Dagger            |    39 |    49 ||    88
         Short sword       |    29 |       ||    29
         Punch             |     5 |     2 ||     7
    Use: Scroll            |       |     9 ||     9
         Potion            |       |     1 ||     1
   Stab: Sleeping          |    12 |       ||    12
         Distracted        |       |     1 ||     1
 Armour: Skin              |     7 |    16 ||    23
  Dodge: Dodged            |    59 |    11 ||    70

Table legend: (Time is in decaauts)
 A = Elapsed time spent in this place.
 B = Non-inter-level travel time spent in this place.
 C = Inter-level travel time spent in this place.
 D = Time resting spent in this place.
 E = Time spent auto-exploring this place.
 F = Levels seen in this place.
 G = Mean time per level.
                   A        B        C        D        E       F      G
               +--------+--------+--------+--------+--------+-----+--------+
         Total |   2512 |   2429 |     83 |      2 |   1999 |   4 |  628.0 |
       Dungeon |   2512 |   2429 |     83 |      2 |   1999 |   4 |  628.0 |
               +--------+--------+--------+--------+--------+-----+--------+

Top non-repeatable levels by time:
     D:2: 865 daAuts
     D:3: 743 daAuts
     D:1: 678 daAuts
     D:4: 225 daAuts
